 Dungeon Crawl Stone Soup version 0.18-a0-1014-g3bbf375 (webtiles) character file.

233 JokEr the Scratcher (level 5, 0/23 HPs)
             Began as a Felid Transmuter on Jan 6, 2016.
             Slain by a gnoll (6 damage)
             ... on level 3 of the Dungeon on Jan 7, 2016.
             The game lasted 00:09:42 (4288 turns).

JokEr the Scratcher (Felid Transmuter)              Turns: 4288, Time: 00:09:42

Health: 0/23       AC:  1    Str:  6    XL:     5   Next: 75%
Magic:  11/11      EV: 18    Int: 16    God:
Gold:   136        SH:  0    Dex: 16    Spells: 1 memorised, 10 levels left
                                        Lives:  0   Deaths: 1

rFire  . . .     SeeInvis +       - Unarmed
rCold  . . .     Gourm    .     (armour unavailable)
rNeg   . . .     Faith    .     (shield unavailable)
rPois  .         Spirit   .     (helmet unavailable)
rElec  .         Dismiss  .     (cloak unavailable)
rCorr  .         Reflect  .     (gloves unavailable)
SustAt .         Harm     .     (boots unavailable)
MR     .....                    (no amulet)
Stlth  +++.......               (no ring)
                                g - ring of stealth

@: appendage (expiring), quick, not resistant to hostile enchantments, fairly
stealthy
A: no armour, no weapons or thrown items, claws 1, fangs 3, horns 2, see
invisible, carnivore 3, speed 1, shaggy fur 1, slow metabolism 1, sharp paws
a: End Transformation


You were on level 3 of the Dungeon.
You were completely stuffed.
You had grown temporary horns.
You visited 1 branch of the dungeon, and saw 3 of its levels.

You collected 136 gold pieces.

Inventory:

Missiles
 a - 28 arrows
Jewellery
 g - a ring of stealth (left paw)
 k - an uncursed ring of teleportation
Scrolls
 d - 2 scrolls of identify {unknown}
 m - 3 scrolls of magic mapping
 n - a scroll of enchant weapon {unknown}
Potions
 f - a potion of lignification {unknown}
 i - a potion of agility {unknown}
 j - a potion of heal wounds {unknown}
 l - a potion of ambrosia {unknown}
Books
 b - a book of Changes

   Spells                             Type                      Level
   a - Beastly Appendage              Transmutation                1
   b - Sticks to Snakes               Transmutation                2
   c - Spider Form                    Transmutation/Poison         3
   d - Ice Form                       Ice/Transmutation            4
   e - Blade Hands                    Transmutation                5
Comestibles
 c - 3 meat rations
 h - a chunk of flesh


   Skills:
 + Level 2.6 Fighting
 - Level 2.6 Dodging
 + Level 4.4 Unarmed Combat
 + Level 3.6 Spellcasting
 + Level 3.8 Transmutations


You had 10 spell levels left.
You knew the following spells:

 Your Spells              Type           Power        Failure   Level  Hunger
a - Beastly Appendage     Trmt           ###...       4%          1    None


Dungeon Overview and Level Annotations

Branches:
Dungeon (3/15)

Altars:


Innate Abilities, Weirdness & Mutations

You cannot wear armour.
You are incapable of wielding weapons or throwing items.
You have sharp claws.
You have razor-sharp teeth.
You have supernaturally acute eyesight.
You are carnivorous and can eat meat at any time.
You cover ground quickly.
You are covered in fur (AC +1).
You have a slow metabolism.
Your sharp claws are effective at attacking unaware monsters.
You have a pair of horns on your head.


Message History

Your transformation is almost over.
You slip out of the net!
You scratch the gnoll.
The gnoll is moderately wounded.
The gnoll throws a throwing net.
The throwing net misses you. The gnoll hits you.
* * * LOW HITPOINT WARNING * * *
The gnoll throws a throwing net.
The throwing net closely misses you.
You see here 2 throwing nets.
You barely miss the gnoll.
The gnoll is moderately wounded.
The gnoll barely misses you.
You closely miss the gnoll.
The gnoll is moderately wounded.
The gnoll barely misses you.
Drink which item? (? for menu, Esc to quit)
It was a potion of cancellation.
Your magical effects are unravelling.
You feel magically purged. The gnoll closely misses you. The gnoll hits you.
You die...

.##...............⌠.......[.##.##
..........P.###'#...........##.##
#........####...#'##..#'##..#....
.........#..#..(#..#..#..#..#####
######...#..'...#..#..#..#..#....
#.....)..###########..####..#.###
#........)......(...........#....
######.######(g#####..#######.###
.......# ##.g@....#......#.#..
######.# ######..#.......[#.#
.......# #..######.#.#.#
########### #..#....#.#.#..
..........# #..#..#.#.#.###
#########.# #..##.#.#...... #.#
#.........#.### #.#
###.#######.#.### #.#
#...........#....


You could see 2 gnolls.

Vanquished Creatures
  A centaur zombie (D:3)
  A hound (D:3)
  Terence (D:3)
  2 hound skeletons (D:3)
  3 worker ant zombies (D:3)
  A gnoll (D:3)
  4 adders
  An ooze (D:2)
  4 worms
  4 giant geckos
  2 orcs (D:3)
  3 giant cockroaches
  10 goblins
  9 hobgoblins
  A quokka (D:3)
  2 ball python skeletons (D:3)
  13 bats
  A giant gecko skeleton (D:3)
  5 giant newts
  A jackal zombie (D:3)
  10 kobolds
  A quokka zombie (D:3)
  6 rats
86 creatures vanquished.

Notes
Turn   | Place    | Note
--------------------------------------------------------------
     0 | D:1      | JokEr the Felid Transmuter began the quest for the Orb.
     0 | D:1      | Reached XP level 1. HP: 9/9 MP: 4/4
   138 | D:1      | Reached XP level 2. HP: 8/12 MP: 3/6
   765 | D:1      | Reached XP level 3. HP: 15/15 MP: 5/7
  1998 | D:3      | Reached XP level 4. HP: 19/19 MP: 7/9
  2119 | D:3      | Noticed Terence
  2125 | D:3      | Killed Terence
  2194 | D:3      | HP: 1/28 [orc/dagger (2)]
  2197 | D:3      | Slain by a hobgoblin
  2198 | D:3      | Reached XP level 3. HP: -1/24 MP: 8/8
  2403 | D:3      | Reached skill level 4 in Unarmed Combat
  2403 | D:3      | Reached XP level 4. HP: 11/19 MP: 7/9
  3588 | D:3      | Reached XP level 5. HP: 18/23 MP: 8/10
  4288 | D:3      | Slain by a gnoll

Vault maps used:
D:1:      lemuel_arrival_lava_pool, minmay_misc_feat_chi, serial_park_tiny_1,
          corexii_leaking_fountain, minmay_misc_feat_four_crosses
D:3:      corexii_shack_village, first_bread, serial_undead, serial_undead_a,
          serial_undead_d, serial_undead_e, serial_undead_a, serial_undead_d,
          minmay_tree_intersection, kennysheep_generic_room_2, uniq_terence

Action                   |  1- 3 |  4- 6 || total
-------------------------+-------+-------++-------
Melee: Unarmed           |   141 |   121 ||   262
 Cast: Beastly Appendage |    37 |    21 ||    58
  Use: Potion            |     4 |     2 ||     6
       Scroll            |     3 |     1 ||     4
 Stab: Sleeping          |     4 |     5 ||     9
  Eat: Chunk             |    13 |     8 ||    21
